 Dungeon Crawl Stone Soup version 0.22.1-6-g1668fe2 (webtiles) character file.

234 infcreate the Conjurer (level 5, -7/28 HPs)
             Began as a Deep Elf Conjurer on Jan 23, 2019.
             Mangled by a gnoll
             ... wielding a +0 spear
              (11 damage)
             ... on level 3 of the Dungeon.
             The game lasted 00:15:15 (2878 turns).

infcreate the Conjurer (Deep Elf Conjurer)          Turns: 2878, Time: 00:15:16

Health: -7/28      AC:  2    Str:  5    XL:     5   Next: 75%
Magic:  11/14      EV: 13    Int: 21    God:
Gold:   129        SH:  0    Dex: 15    Spells: 4/14 levels left

rFire    . . .     SeeInvis .   (no weapon)
rCold    . . .     Gourm    .   (no shield)
rNeg     . . .     Faith    .   a - +0 robe
rPois    .         Spirit   .   (no helmet)
rElec    .         Reflect  .   (no cloak)
rCorr    .         Harm     .   (no gloves)
MR       .....                  (no boots)
Stlth    ++........             (no amulet)
HPRegen  0.09/turn              g - ring of wizardry
MPRegen  0.14/turn              k - +4 ring of slaying

@: no status effects
A: no striking features
a: no special abilities


You were on level 3 of the Dungeon.
You were not hungry.

You visited 1 branch of the dungeon, and saw 3 of its levels.

You collected 129 gold pieces.

Inventory:

Armour
 a - a +0 robe (worn)
Jewellery
 g - a ring of wizardry (left hand)
 k - a +4 ring of slaying (right hand)
Scrolls
 d - a scroll of amnesia
 e - a scroll of identify
 f - a scroll of enchant armour
 j - a scroll of blinking {unknown}
Potions
 b - a potion of mutation
 h - a potion of lignification
 i - 2 potions of haste {unknown}
 l - a potion of invisibility {unknown}
 m - a potion of resistance {unknown}
Comestibles
 c - 11 rations
 n - 3 chunks of flesh


   Skills:
 + Level 2.6 Dodging
 + Level 3.1 Stealth
 + Level 5.2 Spellcasting
 + Level 6.5 Conjurations


You had 4 spell levels left.
You knew the following spells:

 Your Spells              Type           Power        Failure   Level  Hunger
a - Magic Dart            Conj           ####         1%          1    None
b - Searing Ray           Conj           ####..       1%          2    None
c - Dazzling Spray        Conj/Hex       ###...       3%          3    ##.....
d - Iskenderun's Mystic   Conj           ####....     2%          4    ####...

Your spell library contained the following spells:

 Spells                   Type           Power        Failure   Level  Hunger
 Force Lance              Conj/Tloc      ###.....     11%         4    ####...
 Fulminant Prism          Conj/Hex       ###.......   11%         4    ####...


Dungeon Overview and Level Annotations

Branches:
Dungeon (3/15)

Altars:
Cheibriados


Message History

You see here a club.
Things that are here:
a spear of piercing; a gnoll skeleton; a big kobold skeleton You see here a stone.
Casting: Searing Ray (safe; 1% risk of failure)
Confirm with . or Enter, or press ? or * to list all spells.
Okay, then.
Casting: Searing Ray (safe; 1% risk of failure)
Confirm with . or Enter, or press ? or * to list all spells.
Aiming: Searing Ray (safe; 1% risk of failure)
Press: ? - help, Shift-Dir - straight line, f - gnoll
Aim: a gnoll, wielding a spear The searing ray misses the gnoll. (Press . to maintain the ray.)
The gnoll hits you from afar with a spear!
* * * LOW HITPOINT WARNING * * *
The searing ray hits the gnoll.
The gnoll is heavily wounded.
The gnoll hits you from afar with a spear!
You die...

####.# #.# #....# #.# #....# #.#
#...## #.# # ##.## #.. .# #.#
### ... ## #.# ####.... .#######
#.#############..>.... .......#
#......@.g))).).# .
.#####.################>)# ...
.............# #.(# ..##
######.#####.# #..# #... #.#
##.### #..#...###
######.###.....########).#.#...#
................................
.....................)..........
≈≈≈≈≈.≈≈≈≈≈.≈.≈≈≈....≈..≈..≈.≈≈≈


You could see a gnoll.

Vanquished Creatures
  A big kobold (D:3)
  2 gnolls
  4 adders
  An ooze (D:2)
  A worm (D:3)
  A dart slug (D:2)
  2 leopard geckos
  3 orcs (D:3)
  A ball python (D:1)
  8 bats
  A giant cockroach (D:3)
  27 goblins
  14 hobgoblins
  A quokka (D:3)
  12 frilled lizards
  7 kobolds
  5 rats
91 creatures vanquished.

Notes
Turn   | Place    | Note
-------+----------+-------------------------------------------
     0 | D:1      | infcreate the Deep Elf Conjurer began the quest for the
                  | Orb.
     0 | D:1      | Reached XP level 1. HP: 10/10 MP: 6/6
   172 | D:1      | Reached XP level 2. HP: 12/15 MP: 2/8
   177 | D:1      | Learned a level 2 spell: Searing Ray
   271 | D:1      | Reached skill level 5 in Conjurations
   435 | D:1      | Reached XP level 3. HP: 19/19 MP: 6/9
   767 | D:1      | Learned a level 3 spell: Dazzling Spray
  1022 | D:2      | Found a faded altar of an unknown god.
  1384 | D:2      | Reached XP level 4. HP: 24/24 MP: 5/11
  1391 | D:2      | Learned a level 4 spell: Iskenderun's Mystic Blast
  1940 | D:3      | Reached skill level 6 in Conjurations
  2199 | D:3      | Found a snail-covered altar of Cheibriados.
  2377 | D:3      | Reached XP level 5. HP: 28/28 MP: 10/13
  2623 | D:3      | Reached skill level 5 in Spellcasting
  2878 | D:3      | Mangled by a gnoll

Skill      XL: |  1  2  3  4  5 |
---------------+----------------+-----
Conjurations   | 5 6 |  6.5
Spellcasting   | 4 5 |  5.2
Stealth        | 3 |  3.1
Dodging        | |  2.6

Action                   |  1- 3 |  4- 6 || total
-------------------------+-------+-------++-------
 Cast: Magic Dart        |    76 |    90 ||   166
       Iskenderun's Myst |       |     4 ||     4
       Searing Ray       |       |     3 ||     3
  Use: Scroll            |     8 |       ||     8
  Eat: Chunk             |     1 |     5 ||     6
Armor: Robe              |     3 |     2 ||     5
Dodge: Dodged            |    14 |    31 ||    45
